 Dungeon Crawl Stone Soup version 0.30-a0-614-ge5ea1257c2 (webtiles) character file.

Game seed: 6146019158393334565

1373 Ijustatesigmund the Trooper (level 8, -4/67 HPs)
             Began as a Barachi Fire Elementalist on Jan 9, 2023.
             Was an Initiate of Cheibriados.
             Slain by a hornet (8 damage)
             ... on level 7 of the Dungeon.
             The game lasted 00:12:47 (7259 turns).

Ijustatesigmund the Trooper (BaFE)                  Turns: 7259, Time: 00:12:48

Health: -4/67      AC:  7    Str: 10    XL:     8   Next: 66%
Magic:  7/13       EV: 13    Int: 19    God:    Cheibriados [......]
Gold:   383        SH:  0    Dex: 14    Spells: 8/14 levels left

rFire   + . .      SeeInvis .    l - staff of fire
rCold   . . .      Faith    .    (no shield)
rNeg    . . .      Spirit   .    a - +0 robe
rPois   .          Reflect  .    e - +0 helmet
rElec   .          Harm     .    h - +0 cloak
rCorr   .          Rampage  .    u - +0 pair of gloves
Will    .....                    k - +1 pair of boots
Stlth   ++                       (no amulet)
HPRegen 0.31/turn                q - ring of wizardry
MPRegen 0.13/turn                (no ring)

@: lethally poisoned (-4 -> -13), slowed, very slow
A: amphibious, slowness 1, strong legs 1, +LOS
a: Hop, Renounce Religion


You were on level 7 of the Dungeon.
You worshipped Cheibriados.
Cheibriados was noncommittal.
You visited 2 branches of the dungeon, and saw 8 of its levels.

You collected 383 gold pieces.

Inventory:

Hand Weapons
 b - a +3 rapier of electrocution
 c - a +2 spear of venom
 t - a +0 falchion
Armour
 a - a +0 robe (worn)
 e - a +0 helmet (worn)
 h - a +0 cloak (worn)
 k - a +1 pair of boots (worn)
 u - a +0 pair of gloves (worn)
Magical Staves
 l - a staff of fire (weapon)
Jewellery
 q - a ring of wizardry (left hand)
Wands
 f - a wand of iceblast (21)
Scrolls
 m - 2 scrolls of magic mapping
 o - 4 scrolls of teleportation
Potions
 d - 3 potions of attraction
 g - 2 potions of flight
 i - 2 potions of might
 j - a potion of brilliance {unknown}
 n - 2 potions of cancellation {unknown}
 r - a potion of curing {unknown}


   Skills:
 + Level 7.0 Fighting
 - Level 4.0 Long Blades
 + Level 3.5 Dodging
 - Level 1.7 Stealth
 - Level 3.9 Spellcasting
 - Level 3.8 Conjurations
 - Level 5.0 Fire Magic
 - Level 3.0 Earth Magic
 + Level 1.6 Invocations


You had 8 spell levels left.
You knew the following spells:

 Your Spells              Type           Power      Damage    Failure   Level
a - Foxfire               Conj/Fire      100%       2x1d9     1%          1
b - Scorch                Fire           68%        2d8       1%          2
c - Stone Arrow           Conj/Erth      32%        3d9       4%          3

Your spell library contained the following spells:

 Spells                   Type           Power      Damage    Failure   Level
 Inner Flame              Hex/Fire       19%        N/A       6%          3
 Kindle Blastsparks       Fire/Tloc/Air  30%        2d12      9%          3
 Flame Wave               Conj/Fire      30%        2d9       9%          4
 Call Canine Familiar     Summ           3%         N/A       16%         3
 Portal Projectile        Hex/Tloc       6%         N/A       16%         3
 Fireball                 Conj/Fire      15%        3d8       26%         5
 Animate Armour           Summ/Erth      18%        N/A       28%         4
 Leda's Liquefaction      Hex/Erth       4%         N/A       28%         4
 Iskenderun's Battlesphe  Conj           18%        2d7       32%         5
 Ice Form                 Ice/Tmut       3%         N/A       45%         4
 Starburst                Conj/Fire      15%        6d6       77%         6
 Alistair's Intoxication  Tmut/Pois      2%         N/A       80%         5
 Iron Shot                Conj/Erth      8%         9d3       88%         6
 Spellforged Servitor     Conj/Summ      5%         N/A       100%        7
 Lehudib's Crystal Spear  Conj/Erth      8%         10d3      100%        8


Dungeon Overview and Level Annotations

Branches:
Dungeon (7/15)             Temple (1/1) D:5

Altars:
Ashenzari
Cheibriados
Dithmenos
Gozag
Hepliaklqana
Kikubaaqudgha
Makhleb
Nemelex Xobeh
Okawaru
Qazlal
Ru
Sif Muna
Trog
Vehumet
Wu Jian
Xom
Yredelemnul
The Shining One

Annotations:
D:6 1 runed translucent door, NoOffense's ghost, weakling OgDe


Innate Abilities, Weirdness & Mutations

You are amphibious.
You cover ground slowly.
You can hop short distances.
You have an extended range of vision and can be seen from far away.


Message History

The mass of ice explodes!
The iceblast engulfs the hornet!
The hornet is moderately wounded.
Casting: Foxfire (safe; 1% risk of failure)
Confirm with . or Enter, or press ? or * to list all spells.
You feel a surge of power!
Flames lash the hornet.
The hornet is heavily wounded.
The hornet's fire resistance burns away.
The hornet stings you.
You are poisoned.
You feel yourself slow down.
Casting: Scorch (safe; 1% risk of failure)
Confirm with . or Enter, or press ? or * to list all spells.
You feel a surge of power!
Flames lash the hornet.
The hornet is burned terribly!
The hornet is heavily wounded.
You feel very sick. The hornet stings you!
You feel as though you will be slow longer.
The hornet stings you.
You suddenly lose the ability to move!
You feel sick. The hornet stings you!
You are more poisoned.
You shrug off the repeated paralysis!
The hornet stings you but does no damage.
You can move again.
You feel very sick. The hornet barely misses you. The hornet stings you!
* * * LOW HITPOINT WARNING * * *
You feel as though you will be slow longer.
Casting: Scorch (safe; 1% risk of failure)
Confirm with . or Enter, or press ? or * to list all spells.
Aiming: Stone Arrow (dangerous; 4% risk of failure)
Press: ? - help, Shift-Dir - straight line, f - hornet
Aim: a hornet (heavily wounded, more vulnerable to fire, 52% to hit)
The stone arrow hits the hornet!
The hornet is almost dead.
* * * LOW HITPOINT WARNING * * *
You feel very sick.
The hornet stings you but does no damage.
The hornet stings you!
You die...

#..# ## #..# ##.# #..#
##...# #..# ##.....#
###..# #....>..####
#....# .............#
####.###
.........y...###......#
.........#@# #.###.#.#
#.......#.# #.# #.#.#
###....#.#.####.###.#.#
.........#..........#.#
#..........########.#
#......#.#.# #.#
#..#.......########.#
#......#.....)......#
####....[###.##########


You could see a hornet (combustible).

Vanquished Creatures
  Eustachio (D:4)
  An ice beast (D:5)
  An ogre (D:4)
  A centaur (D:5)
  A phantom (D:6)
  A scorpion (D:6)
  A bullfrog (D:4)
  A necrophage (D:5)
  A howler monkey (D:6)
  3 jellies
  An orc priest (D:5)
  4 hounds
  A gnoll bouda (D:5)
  2 iguanas
  Natasha (thrice) (D:2)
  An orc wizard (D:6)
  6 gnolls
  6 adders
  A white imp (D:5)
  4 worms
  3 dart slugs
  11 orcs
  4 endoplasms
  4 giant cockroaches
  11 goblins
  9 hobgoblins
  7 jackals
  A quokka (D:5)
  10 ball pythons
  3 bats
  7 frilled lizards
  19 kobolds
  7 rats
137 creatures vanquished.

Vanquished Creatures (others)
  5 demonic plants (D:3)
  285 foxfires
  3 plants (D:1)
293 creatures vanquished.

Grand Total: 430 creatures vanquished

Notes
Turn   | Place    | Note
-------+----------+-------------------------------------------
     0 | D:1      | Ijustatesigmund the Barachi Fire Elementalist began the
                  | quest for the Orb.
     0 | D:1      | Reached XP level 1. HP: 13/13 MP: 3/3
    20 | D:1      | You fall into a shaft and drop 1 floor!
   140 | D:2      | Reached skill level 1 in Fighting
   140 | D:2      | Reached XP level 2. HP: 15/21 MP: 1/5
   320 | D:1      | Reached XP level 3. HP: 18/26 MP: 6/6
   325 | D:1      | Learned a level 2 spell: Scorch
   851 | D:1      | Reached skill level 2 in Fighting
  1305 | D:2      | Found a shadowy altar of Dithmenos.
  1316 | D:2      | Reached XP level 4. HP: 33/33 MP: 3/7
  1510 | D:2      | Noticed Natasha
  1521 | D:2      | Killed Natasha
  1991 | D:2      | Reached XP level 5. HP: 40/40 MP: 6/8
  1997 | D:2      | Noticed Natasha
  2012 | D:2      | Killed Natasha
  2013 | D:2      | Reached skill level 3 in Fighting
  2079 | D:2      | Got the Tome of the Molten Xenotype
  2128 | D:2      | Noticed Natasha
  2134 | D:2      | Killed Natasha
  2562 | D:3      | Found a faded altar of an unknown god.
  2918 | D:3      | Reached XP level 6. HP: 37/48 MP: 6/9
  3165 | D:3      | Reached skill level 5 in Fire Magic
  3235 | D:3      | Learned a level 3 spell: Stone Arrow
  3580 | D:4      | Reached skill level 4 in Fighting
  3778 | D:4      | Reached skill level 1 in Earth Magic
  3840 | D:4      | Found an ornate altar of the Wu Jian Council.
  4204 | D:4      | Noticed Eustachio
  4303 | D:4      | Killed Eustachio
  4304 | D:4      | Reached skill level 1 in Long Blades
  4304 | D:4      | Reached XP level 7. HP: 55/55 MP: 5/11
  4478 | D:4      | Found a sacrificial altar of Ru.
  4679 | D:5      | Entered Level 5 of the Dungeon
  4705 | D:5      | Reached skill level 5 in Fighting
  5236 | D:5      | Reached XP level 8. HP: 63/63 MP: 10/13
  5452 | D:5      | Reached skill level 6 in Fighting
  5610 | D:5      | Found a staircase to the Ecumenical Temple.
  5702 | Temple   | Entered the Ecumenical Temple
  5772 | Temple   | Became a worshipper of Cheibriados the Contemplative
  6139 | D:6      | Reached skill level 1 in Invocations
  6505 | D:6      | Reached skill level 7 in Fighting
  6606 | D:6      | Found a runed translucent door.
  6608 | D:6      | Noticed NoOffense's ghost (weakling OgDe)
  6636 | D:6      | Found a sparkling altar of Nemelex Xobeh.
  6736 | D:6      | Found an ancient bone altar of Kikubaaqudgha.
  7251 | D:7      | Noticed a hornet
  7256 | D:7      | Paralysed by a hornet for 2 turns
  7259 | D:7      | Slain by a hornet

Illustrated notes

Levels and vault maps discovered:
D:1:      dpeg_arrival_tiny_c, layout_loops_ring, kennysheep_pointless_box,
          st_stairs_13, minmay_misc_feat_tiny, lexackson_kobold_supper
D:2:      cheibrodos_greedy_goblins, layout_loops_cross, basic_altar,
          nrook_uturn, minmay_pentomino_z4, uniq_natasha
D:3:      layout_rooms, shapermc_ecumenical_altar_flowoftime, st_stairs_14,
          grunt_ministairs_4
D:4:      layout_basic, mainiacjoe_overflow_paths, kennysheep_mini_moat,
          uniq_eustachio
D:5:      layout_cave_pools, minmay_temple_entry_hall, kennysheep_big_empty_room
D:6:      layout_layer_cave, general_overflow_altar, kiku_gazebo_pond_becter,
          gammafunk_ghost_grave, grunt_ministairs_2
D:7:      layout_loops_ring, nicolae_overflow_hidden_temple,
          chequers_serial_rivers_micro_b, uniq_prince_ribbit1, uniq_menkaure
Temple:   jpeg_temple_clearing

Skill      XL: |  1  2  3  4  5  6  7  8 |
---------------+-------------------------+-----
Fighting       | 1 2 3 4 5 7 |  7.0
Conjurations   | 2 3 |  3.8
Fire Magic     | 4 5 |  5.0
Earth Magic    | 2 3 |  3.0
Long Blades    | 1 2 4 |  4.0
Spellcasting   | 3 |  3.9
Dodging        | 3 |  3.5
Invocations    | 1 |  1.6
Stealth        | |  1.7

Action                   |  1- 3 |  4- 6 |  7- 9 || total
-------------------------+-------+-------+-------++-------
Melee: Spear             |    41 |     4 |       ||    45
       Staff             |       |    65 |       ||    65
       Punch             |       |     2 |       ||     2
 Cast: Foxfire           |    39 |    97 |    43 ||   179
       Scorch            |       |    22 |    27 ||    49
       Stone Arrow       |       |     6 |     7 ||    13
 Abil: Hop               |       |       |     1 ||     1
Evoke: Wand              |       |       |     2 ||     2
  Use: Scroll            |       |     9 |     2 ||    11
       Potion            |       |     1 |       ||     1
 Stab: Sleeping          |     1 |       |       ||     1
       Distracted        |       |     1 |       ||     1
Armor: Robe              |     9 |    30 |    27 ||    66
Dodge: Dodged            |    28 |    93 |    53 ||   174

Table legend: (Time is in decaauts)
 A = Elapsed time spent in this place.
 B = Non-inter-level travel time spent in this place.
 C = Inter-level travel time spent in this place.
 D = Time resting spent in this place.
 E = Time spent auto-exploring this place.
 F = Levels seen in this place.
 G = Mean time per level.
                   A        B        C        D        E       F      G
               +--------+--------+--------+--------+--------+-----+--------+
         Total |   8423 |   8158 |    265 |   1306 |   5620 |   8 | 1052.9 |
       Dungeon |   8314 |   8083 |    231 |   1306 |   5559 |   7 | 1187.7 |
        Temple |    108 |     75 |     33 |      0 |     61 |   1 |  108.0 |
               +--------+--------+--------+--------+--------+-----+--------+

Top non-repeatable levels by time:
     D:6: 1851 daAuts
     D:4: 1611 daAuts
     D:2: 1519 daAuts
     D:1: 1267 daAuts
     D:5: 993 daAuts
     D:3: 956 daAuts
     D:7: 113 daAuts
  Temple: 108 daAuts
